 Dungeon Crawl Stone Soup version 0.28.0-53-g5a82cb258f (webtiles) character file.

Game seed: 5480600034380950710

49 cbfl8 the Skirmisher (level 3, 0/35 HPs)
             Began as a Minotaur Abyssal Knight on July 17, 2022.
             Was a Believer of Lugonu.
             Slain by Sigmund
             ... wielding a +0 scythe of protection
              (2 damage)
             ... on level 3 of the Dungeon.
             The game lasted 00:01:53 (1882 turns).

cbfl8 the Skirmisher (Minotaur Abyssal Knight)      Turns: 1882, Time: 00:01:54

Health: 0/35       AC:  9    Str: 19    XL:     3   Next: 51%
Magic:  3/3        EV:  7    Int:  7    God:    Lugonu [**....]
Gold:   52         SH:  0    Dex: 10    Spells: 2/2 levels left

rFire   . . .      SeeInvis .   e - +0 war axe
rCold   + . .      Faith    .   (no shield)
rNeg    . . .      Spirit   .   l - +0 chain mail
rPois   .          Reflect  .   (helmet restricted)
rElec   .          Harm     .   (no cloak)
rCorr   .          Rampage  .   (no gloves)
Will    .....                   (no boots)
Stlth   ..........              (no amulet)
HPRegen 0.11/turn               c - ring of protection from cold
MPRegen 0.08/turn               (no ring)

@: confused
A: horns 2, retaliatory headbutt
a: Renounce Religion, Depart the Abyss, Bend Space


You were on level 3 of the Dungeon.
You worshipped Lugonu.
Lugonu was pleased with you.
You visited 1 branch of the dungeon, and saw 3 of its levels.
You visited the Abyss 1 time.

You collected 52 gold pieces.

Inventory:

Hand Weapons
 a - a +1 hand axe
 e - a +0 war axe (weapon)
Armour
 b - a +0 leather armour
 l - a +0 chain mail (worn)
Jewellery
 c - a ring of protection from cold (left hand)
Scrolls
 d - 2 scrolls of identify {unknown}
 f - a scroll of fog {unknown}
 g - a scroll of fear {unknown}
 h - a scroll of amnesia {unknown}
 i - a scroll of summoning {unknown}
 j - a scroll of blinking {unknown}
 k - a scroll of brand weapon {unknown}


   Skills:
 + Level 4.8 Fighting
 + Level 3.1 Axes
 + Level 2.7 Armour
 + Level 1.2 Dodging
 + Level 0.1 Stealth
 + Level 2.0 Invocations


You had 2 spell levels left.
You didn't know any spells.
Your spell library contained the following spells:

 Spells                   Type           Power      Damage    Failure   Level
 Ozocubu's Armour         Ice            0%         N/A       100%        3
 Ozocubu's Refrigeration  Ice            0%         4d5       100%        7


Dungeon Overview and Level Annotations

Branches:
Dungeon (3/15)

Altars:
Qazlal

Annotations:
D:3 Sigmund


Innate Abilities, Weirdness & Mutations

You have a pair of horns on your head.
You reflexively headbutt those who attack you in melee.


Message History

You are too confused!
You are too confused!
You are too confused!
You are too confused!
You are too confused!
You hit Sigmund.
Sigmund is heavily wounded.
Sigmund hits you but does no damage.
You slash Sigmund!
Sigmund is almost dead.
Sigmund hits you with a +0 scythe of protection!
* * * LOW HITPOINT WARNING * * *
Sigmund hits you with a +0 scythe of protection.
* * * LOW HITPOINT WARNING * * *
You closely miss Sigmund.
Sigmund is almost dead.
You feel less confused.
Sigmund hits you from afar with a +0 scythe of protection.
* * * LOW HITPOINT WARNING * * *
Sigmund gestures at you while chanting.
You are confused.
Sigmund hits you but does no damage.
You bump into the rock wall.
Sigmund closely misses you.
You're too confused to move!
Sigmund gestures at you while chanting.
You are more confused.
You bump into the rock wall.
Sigmund hits you with a +0 scythe of protection.
* * * LOW HITPOINT WARNING * * *
You miss Sigmund. Your headbutt misses Sigmund.
Sigmund is almost dead.
Sigmund gestures at you while chanting.
You are more confused.
Sigmund barely misses you.
You see here a +0 club.
You barely miss Sigmund.
Sigmund is almost dead.
Sigmund hits you with a +0 scythe of protection.
You die...

#### ...
######.#########.
#.##
......>@)........
....
.#####.@.........
#### #.##.####### #.
#....###########
...####............
.........###########
##...####.# ##. #.#
#.#


You could see Sigmund.

Vanquished Creatures
  A gnoll (D:1)
  2 dart slugs
  4 ball pythons
  2 endoplasms (D:2)
  A giant cockroach (D:1)
  5 goblins
  A hobgoblin (D:1)
  5 kobolds
  2 quokkas (D:1)
  4 bats
  5 frilled lizards
  4 rats
36 creatures vanquished.

Notes
Turn   | Place    | Note
-------+----------+-------------------------------------------
     0 | Abyss:1  | cbfl8 the Minotaur Abyssal Knight began the quest for the
                  | Orb.
     0 | Abyss:1  | Reached XP level 1. HP: 19/19 MP: 1/1
    31 | D:1      | Escaped the Abyss
   140 | D:1      | Reached skill level 4 in Fighting
   220 | D:1      | Reached XP level 2. HP: 27/27 MP: 2/2
   552 | D:1      | Reached ** piety under Lugonu
   724 | D:1      | Found a faded altar of an unknown god.
   845 | D:2      | Reached XP level 3. HP: 31/34 MP: 3/3
   892 | D:2      | Found a stormy altar of Qazlal.
  1852 | D:3      | Noticed Sigmund
  1878 | D:3      | HP: 1/35 [Sigmund/+0 scythe of protection (6)]
  1882 | D:3      | Slain by Sigmund

Illustrated notes

Levels and vault maps discovered:
D:1:      lemuel_arrival_hallway, layout_rooms,
          chequers_ecumenical_altar_island, st_stairs_5
D:2:      layout_basic, basic_altar
D:3:      layout_loops_ring, chequers_serial_rivers_marsh,
          chequers_serial_rivers_room_b, uniq_sigmund

Skill      XL: |  1  2  3 |
---------------+----------+-----
Fighting       | 4 |  4.8
Invocations    | 2 |  2.0
Axes           | 3 |  3.1
Armour         | |  2.7
Dodging        | |  1.2
Stealth        | |  0.1

Action                   || total
-------------------------++-------
Melee: Hand axe          ||    17
       Headbutt          ||    13
       War axe           ||    56
       Punch             ||     1
Armor: Leather armour    ||    15
       Chain mail        ||     8
Dodge: Dodged            ||    40
